puck, lawful female human Valkyrie ----- ################# |...-## --------------------------------# ------ |..<|## |......................).......|# |.>..| |...-#### |.------|--------------..-----.|# ##.....| |...|#### |.|....|..|...|....|.(-..-...|.|# # -|---- -|--- #### |.|....|..|...|....|..|..|...|.|### # ## ######..---|----|...||------|..|...|.|# # # ####|......|..|.@.|.|..|%%|)-----|.|# ### ### ##|.----.|..|-|--.|..|%%|)-....|.|# # # ##..|..n.-|--.&&..-|-|..|)|.._.|.|# ### #### #|.|..|.............-|--.|....|.|# # -.---------- #|.|---|---.----|--).....|...[|.|# ### |..........| #|.|((|@..|.-..|..||----------|.|######### # |..........-#######|.|(.|(((|.|..|[@|....|#.|%%.-.|# --|--.-- |..........| #-.|).|(((|.---|)!|....|..|%%.|.|# |......| ------------ #|.-|------..{.---------|------.-# |......| #|..........)...).).............| |......| #-------------------------------- -------- puck the Fighter Experience level: 7 Strength: 17 Dexterity: 16 Constitution: 16 Intelligence: 7 Wisdom: 10 Charisma: 9 Health: 0(52) Energy: 14(14) Def: 10 Gold: 241 Moves: 2748 Dungeon seed: XHBastMBokI-bnU6 Game ID: puck_1559403005 Your Inventory: Coins $ - 241 gold pieces Weapons a - an uncursed rusty +1 long sword (weapon in hand) b - 7 uncursed +0 daggers Armor e - an uncursed rotted +3 small shield (being worn) r - a blessed +2 pair of iron shoes y - an uncursed +0 dwarvish cloak of cold immunity named of clairvoyance (being worn) z - an uncursed +0 pair of iron shoes of clairvoyance named of clairvoyance I - an uncursed +3 pair of iron shoes (being worn) Y - a blessed +1 orcish helm (being worn) Comestibles c - 6 uncursed food rations p - an uncursed cram ration w - 2 uncursed cloves of garlic A - an uncursed lembas wafer O - an uncursed male lizard corpse Potions f - an uncursed potion of water U - a cursed potion of object detection Scrolls k - an uncursed scroll of enchant armor v - an uncursed scroll of summoning D - an uncursed scroll of genocide Amulets i - an uncursed amulet of ESP (being worn) Rings B - a cursed -2 ring of searching Wands x - an uncursed wand of striking (0:1) E - an uncursed wand of polymorph (0:5) Tools d - an uncursed oil lamp (0:1154) o - an uncursed skeleton key s - an uncursed magic whistle t - 4 blessed tallow candles (0:200) u - an uncursed leash S - an uncursed tin whistle X - an uncursed mirror Spells and supernatural/magical abilities: Name Level Category Cost Memory R - restore ability 4 healing 4000pw 99% W - pray for help -- divine ? -- Your skills at the end: Fighting Skills wands [Basic] Weapon Skills dagger [Basic] long sword [Skilled] Spellcasting Skills Final Attributes: You were piously aligned. You were immune to cold. You were telepathic. You were stealthy. You were fast. You were very lucky. Tyr favoured you. You are dead. Vanquished creatures: a baby orange dragon a leprechaun 2 gnome kings 3 brown puddings a lizard a dingo a jaguar a raven a plains centaur a rope golem a wood nymph a water nymph 4 Uruk-hai a pony 8 gnome lords a gnomish wizard a golden naga hatchling a giant ant 3 dwarves 2 kobold lords 5 monkeys an orc zombie a dwarf zombie 2 iguanas 2 hobbits 27 gnomes 2 geckos a jackal 2 kobolds a goblin 2 sewer rats a lichen 2 newts 85 creatures vanquished. Voluntary challenges: You used a wielded weapon 145 times, starting on turn 77. You read items or engraved 16 times, starting on turn 545. You never genocided any monsters. You never polymorphed an object. You never changed form. You used no wishes. You never split a pudding. You never wrote Elbereth's name. You never violated your personal moral code. Dungeon overview: The Dungeons of Doom: levels 1 to 2 Level 1 a sink a long staircase Level 2 stairs to The Gnomish Mines The Gnomish Mines: levels 3 to 6 Level 3 stairs to The Dungeons of Doom Level 4 Level 5 Level 6 <- You were here many shops, a temple to Tyr, some fountains, a sink History has recorded: On T:1 you entered the Dungeons of Doom to retrieve the Amulet of Yendor! On T:441 you reached level 2 of The Dungeons of Doom. On T:493 you reached level 1 of The Gnomish Mines. On T:570 you advanced to experience level 2. On T:575 you advanced to experience level 3. On T:709 you advanced to experience level 4. On T:787 you reached level 2 of The Gnomish Mines. On T:839 you advanced to experience level 5. On T:934 you reached level 3 of The Gnomish Mines. On T:1035 you reached level 4 of The Gnomish Mines. On T:1080 you advanced to experience level 6. On T:2166 you advanced to experience level 7. Score breakdown: Gold: 241 ( 8108 points) Experience: 7 levels (13645 points) Exploration: 6 levels ( 12.00%) ( 9583 points) Discoveries: 9 items ( 3.60%) ( 5692 points) Valuables value: (no points given unless you survive) Artifact value: 0 ( 0 points) Variety of kills: 33 monsters ( 8.68%) ( 8840 points) Turncount: 2748 turns ( -470 points) Survival: died (score multiplied by 80%) Total score: 36318 Latest messages: The water demon bites! You hit the water demon! The water demon hits! The water demon just misses! The water demon bites! The door closes. You see a door open. You stop picking the lock. You resume your attempt at locking the door. You cannot lock an open door. The door closes. You see a door open. The door closes. You see a door open. The door closes. You see a door open. The door resists! The water demon zaps a tin wand! The magic missile hits you! You die... Final status: Farvel puck the Valkyrie, killed by a magic missile... You died in The Gnomish Mines on dungeon level 6 with 36318 points, and 241 pieces of gold, after 2748 moves. You were level 7 with a maximum of 52 hit points when you died.